 Dungeon Crawl Stone Soup version 0.31.0-1-g2c135a0 (webtiles) character file.

Game seed: 4535340212580425628

65236 jagoly the Destroyer (level 14, -15/105 HPs)
             Began as a Human Earth Elementalist on Jan 30, 2024.
             Was the Champion of Cheibriados.
             Killed from afar by a salamander tyrant (17 damage)
             ... with a flame surge
             ... on level 4 of the Snake Pit.
             The game lasted 03:05:58 (7965 turns).

jagoly the Destroyer (Human Earth Elementalist)     Turns: 7965, Time: 03:05:59

Health: -15/105    AC: 11    Str: 24    XL:     14   Next: 76%
Magic:  7/24       EV: 17    Int: 35    God:    Cheibriados [******]
Gold:   593        SH:  0    Dex: 29    Spells: 1/27 levels left

rFire   + . .        a - +5 flail (freeze)
rCold   x . .        A - orb {*channel}
rNeg    . . .        U - +2 ring mail {rPois}
rPois   +            R - +1 helmet
rElec   .            (no cloak)
rCorr   .            C - +0 pair of gloves
SInv    .            (no boots)
Will    +....        O - amulet of the acrobat
Stlth   +++          j - ring of flight
HPRegen 0.37/turn    h - ring of fire
MPRegen 0.19/turn

%: acrobat, channel magic (20%)
@: weakened, flying, slowed, very slow
A: explore regen, subdued magic 1
a: Renounce Religion, Bend Time, Temporal Distortion, Slouch, Step From Time


You were on level 4 of the Snake Pit.
You worshipped Cheibriados.
Cheibriados was exalted by your worship.
You visited 3 branches of the dungeon, and saw 21 of its levels.
You also visited: Ossuary and Ice Cave.

You collected 929 gold pieces.
You spent 336 gold pieces at shops.

Inventory:

Hand Weapons
 a - a +5 flail of freezing (weapon)
 b - a +0 broad axe
 e - a +2 trident
Missiles
 n - 9 boomerangs (quivered)
 q - 16 poisoned darts
 D - 6 curare-tipped darts
 F - a throwing net
Armour
 m - the +1 helmet "Egiutot" {*Slow rF+ rC++}
   (You found it on level 3 of the Dungeon)

   rF+:       It protects you from fire.
   rC++:      It greatly protects you from cold.
   *Slow:     It may slow you when you take damage.
 w - a +2 kite shield of protection
 A - an orb of energy (worn)
 C - a +0 pair of gloves (worn)
 K - a +2 plate armour of cold resistance
 R - a +1 helmet (worn)
 U - a +2 ring mail of poison resistance (worn)
 V - a +0 troll leather armour
 W - +0 acid dragon scales
Magical Staves
 p - a staff of alchemy
 N - a staff of cold
Jewellery
 h - a ring of fire (right hand)
 j - a ring of flight (left hand)
 O - an amulet of the acrobat (around neck)
Wands
 M - a wand of flame (31)
 X - a wand of digging (2)
 Y - a wand of mindburst (1)
Scrolls
 g - 3 scrolls of teleportation
 i - 4 scrolls of amnesia
 k - 8 scrolls of enchant armour
 l - a scroll of enchant weapon
 v - 2 scrolls of revelation
 x - 2 scrolls of summoning
 y - a scroll of blinking
 H - a scroll of noise {unknown}
 I - a scroll of acquirement {unknown}
 J - 2 scrolls of poison
 L - a scroll of immolation {unknown}
 Q - a scroll of fear {unknown}
 S - 2 scrolls of fog
 Z - a scroll of vulnerability {unknown}
Potions
 c - 2 potions of magic
 d - 2 potions of brilliance
 f - 3 potions of resistance
 o - 2 potions of attraction {unknown}
 r - a potion of mutation {unknown}
 s - 3 potions of enlightenment
 t - a potion of cancellation {unknown}
 u - 4 potions of invisibility
 z - a potion of haste {unknown}
 B - 2 potions of might
 E - 2 potions of heal wounds
 G - 3 potions of curing
 T - a potion of berserk rage {unknown}


   Skills:
 - Level 8.0 Fighting
 - Level 2.0 Throwing
 - Level 6.0 Armour
 - Level 6.0 Dodging
 - Level 4.0 Stealth
 - Level 7.0 Spellcasting
 + Level 13.5 Conjurations
 - Level 5.0 Translocations
 - Level 2.0 Fire Magic
 - Level 12.0 Earth Magic
 - Level 8.0 Alchemy
 - Level 8.0 Invocations
 - Level 2.0 Evocations


You had one spell level left.
You knew the following spells:

 Your Spells              Type           Power      Damage    Failure   Level
a - Sandblast             Erth           100%       2d20      1%          1
c - Stone Arrow           Conj/Erth      100%       3d13      1%          3
e - Flame Wave            Conj/Fire      67%        2d15      6%          4
w - Passwall              Erth           65%        N/A       1%          3
x - Bombard               Conj/Erth      33%        9d6       11%         6
B - Iskenderun's Mystic   Conj/Tloc      56%        2d12      4%          4
T - Irradiate             Conj/Alch      30%        3d21      5%          5

Your spell library contained the following spells:

 Spells                   Type           Power      Damage    Failure   Level
 Shock                    Conj/Air       100%       1d9       1%          1
 Necrotise                Necr           36%        1d5       12%         1
 Brom's Barrelling Bould  Conj/Erth      67%        2d8       1%          4
 Lesser Beckoning         Tloc           72%        N/A       3%          2
 Dazzling Flash           Conj/Hex       90%        N/A       3%          3
 Mephitic Cloud           Conj/Alch/Air  48%        N/A       3%          3
 Leda's Liquefaction      Alch/Erth      29%        N/A       3%          4
 Petrify                  Alch/Erth      58%        N/A       3%          4
 Mercury Vapours          Alch/Air       60%        N/A       4%          2
 Lee's Rapid Deconstruct  Erth           32%        3d17*     4%          5
 Gell's Gravitas          Tloc           36%        N/A       6%          3
 Teleport Other           Tloc           36%        N/A       6%          3
 Cigotuvi's Dreadful Rot  Necr/Alch/Air  46%        N/A       8%          2
 Scorch                   Fire           60%        2d7       9%          2
 Volatile Blastmotes      Fire/Tloc      84%        2d17      10%         3
 Ignite Poison            Fire/Alch      53%        N/A       14%         4
 Manifold Assault         Tloc           36%        N/A       14%         4
 Sublimation of Blood     Necr           9%         N/A       17%         2
 Borgnjor's Vile Clutch   Necr/Erth      20%        N/A       24%         5
 Call Canine Familiar     Summ           9%         N/A       28%         3
 Fugue of the Fallen      Necr           9%         N/A       28%         3
 Ozocubu's Armour         Ice            9%         N/A       28%         3
 Swiftness                Air            9%         N/A       28%         3
 Tukima's Dance           Hex            9%         N/A       28%         3
 Vampiric Draining        Necr           9%         2d6       28%         3
 Dimensional Bullseye     Hex/Tloc       11%        N/A       32%         4
 Freezing Cloud           Conj/Ice/Air   16%        6-21      38%         5
 Starburst                Conj/Fire      33%        6d10      47%         6
 Animate Dead             Necr           9%         N/A       61%         4
 Martyr's Knell           Necr/Summ      9%         N/A       61%         4
 Curse of Agony           Necr           9%         N/A       90%         5
 Silence                  Hex/Air        4%         N/A       90%         5
 Death Channel            Necr           4%         N/A       100%        6
 Summon Cactus Giant      Summ           4%         N/A       100%        6
 Maxwell's Capacitive Co  Air            4%         ∞         100%        8


Dungeon Overview and Level Annotations

Branches:
Dungeon (12/15) Zot: 40202  Temple (0/1) D:7            Lair (5/5) D:11 Zot: 40024
 Shoals (0/4) Lair:3        Snake (4/4) Lair:2 Zot: 34724   Slime (0/5) Lair:4
Ossuary (visited)           IceCv (visited)
    Orc: D:9-12

Altars:
Cheibriados
Dithmenos
Hepliaklqana
Makhleb
Nemelex Xobeh
Trog
Xom

Shops:
D:5 (=:[   D:8 (*((=   D:11 !   Snake:3 **

Annotations:
D:10 Maggie
Snake:1 1 transporter, Zagger's ghost, adept GrFi
Snake:2 Roxanne


Innate Abilities, Weirdness & Mutations

You regain HP and MP as you explore.
Your spells are a little easier to cast, but a little less powerful.


Message History

You feel sick.
You feel sick.
You feel sick.
You are no longer poisoned.
There is an entrance to Ywugapo's General Store here.
A naga warrior comes into view. It is wielding a +0 halberd.
A naga comes into view. It is wielding a +0 halberd.
A salamander comes into view. It is wielding a +0 spear.
A mana viper comes into view.
Found a stone staircase leading down.
The naga shouts!
The naga warrior shouts!
The naga spits poison at you. The splash of poison misses you.
The mana viper hisses angrily.
The naga warrior roars a battlecry!
The nagas go into a battle-frenzy!
Cast which spell? (? or * to list)
Aiming: Bombard (dangerous; 12% risk of failure)
Press: ? - help, Shift-Dir - straight line, f - mana viper
Aim: a mana viper (60% to hit)
The iron shot misses the mana viper.
The iron shot hits the naga!!
You kill the naga!
Cheibriados appreciates the change of pace.
Cast which spell? (? or * to list)
Aiming: Bombard (dangerous; 12% risk of failure)
Press: ? - help, Shift-Dir - straight line, f/p - mana viper
Aim: a mana viper (60% to hit)
The iron shot hits the mana viper!!!
The mana viper is severely wounded.
The mana viper closely misses you.
A naga comes into view. It is wielding a +0 long sword.
The mana viper bites you but does no damage.
Activating: Slouch (4% risk of failure)
Press: ? - help, Dir - look around, f - activate You can feel time thicken for a moment.
You kill the mana viper!
Cheibriados thoroughly appreciates the change of pace.
Okay, then.
Okay, then.
Unknown command.
Unknown command.
Your magical contamination has completely faded away.
Unknown command.
Cast which spell? (? or * to list)
Aiming: Passwall (safe; 1% risk of failure)
Press: ? - help, Dir - move target A rock wall.
* * * LOW MAGIC WARNING * * *
You begin to meditate on the wall.
You continue meditating on the rock.
The naga warrior hits you from afar with a +0 halberd!
* * * LOW HITPOINT WARNING * * *
You continue meditating on the rock.
The naga warrior hits you from afar with a +0 halberd.
* * * LOW HITPOINT WARNING * * *
You continue meditating on the rock.
The naga warrior spits poison at you. The splash of poison misses you.
You continue meditating on the rock.
The naga warrior closely misses you.
You finish merging with the rock.
There is a stone staircase leading up here.
There is a stone staircase leading up here.
You fly upwards.
Level annotation: Roxanne
There is a stone staircase leading down here.
You fly downwards.
There is a stone staircase leading up here.
Cast which spell? (? or * to list)
Aiming: Bombard (dangerous; 12% risk of failure)
Press: ? - help, Shift-Dir - straight line, f - naga warrior
Aim: a naga warrior, wielding a +0 halberd (74% to hit)
Okay, then.
Cast which spell? (? or * to list)
Aiming: Bombard (dangerous; 12% risk of failure)
Press: ? - help, Shift-Dir - straight line, f - naga warrior
Aim: a naga warrior, wielding a +0 halberd (74% to hit)
The iron shot hits the naga warrior!!
The naga warrior is moderately wounded.
* * * LOW MAGIC WARNING * * *
Okay, then.
The naga warrior completely misses you.
The naga warrior hits you from afar with a +0 halberd!
* * * LOW HITPOINT WARNING * * *
The naga warrior attacks as it pursues you!
The naga warrior hits you from afar with a +0 halberd!
* * * LOW HITPOINT WARNING * * *
There is a stone staircase leading up here.
The naga warrior spits poison at you. The splash of poison misses you.
You fly upwards.
Level annotation: Roxanne
There is a stone staircase leading down here.
There is a stone staircase leading down here.
You fly downwards.
There is a stone staircase leading up here.
Cast which spell? (? or * to list)
Aiming: Bombard (dangerous; 12% risk of failure)
Press: ? - help, Shift-Dir - straight line, f - naga warrior
Aim: a naga warrior, wielding a +0 halberd (74% to hit)
The iron shot hits the naga warrior!!
The naga warrior is moderately wounded.
The blast sends you backwards. The naga warrior spits poison at you.
The splash of poison hits you.
You are poisoned.
You resist.
Cast which spell? (? or * to list)
Aiming: Bombard (dangerous; 12% risk of failure)
Press: ? - help, Shift-Dir - straight line, f/p - naga warrior
Aim: a naga warrior, wielding a +0 halberd (moderately wounded, catching its breath, 74% to hit)
The iron shot hits the naga warrior!!
The naga warrior is severely wounded.
Magical energy flows into your mind!
You feel very sick.
Cast which spell? (? or * to list)
Aiming: Bombard (dangerous; 12% risk of failure)
Press: ? - help, Shift-Dir - straight line, f/p - naga warrior
Aim: a naga warrior, wielding a +0 halberd (severely wounded, 74% to hit)
The iron shot misses the naga warrior.
Magical energy flows into your mind!
You feel sick. The naga warrior spits poison at you.
The splash of poison hits you.
You are more poisoned.
You resist.
* * * LOW HITPOINT WARNING * * *
Cast which spell? (? or * to list)
Aiming: Bombard (dangerous; 12% risk of failure)
Press: ? - help, Shift-Dir - straight line, f/p - naga warrior
Aim: a naga warrior, wielding a +0 halberd (severely wounded, catching its breath, 74% to hit)
The iron shot hits the naga warrior!!
You kill the naga warrior!
Cheibriados appreciates the change of pace.
You feel very sick.
You are quite poisoned (45 -> 25).
You are flying.
Your flying speed is very slow.
Your attack delay is about 1.4.
Your damage rating with your +5 flail of freezing is about 20 (Base 10 x 135% (Str) x 113% (Skill) + 5 (Ench)).
Your base attributes are Str 9, Int 20, Dex 14.
Unknown command.
Okay, then.
You feel extremely sick.
You feel very sick.
You feel very sick.
You feel very sick.
You feel sick.
You feel sick.
You feel sick.
Things that are here:
a +0 glaive; a naga skeleton You feel sick.
Things that are here:
a +0 robe; a +0 halberd You feel sick.
You are no longer poisoned.
The naga spits poison at you. The splash of poison misses you.
Things that are here:
a +0 robe; a +0 halberd
Things that are here:
a +0 glaive; a naga skeleton Cast which spell? (? or * to list)
Aiming: Bombard (dangerous; 12% risk of failure)
Press: ? - help, Shift-Dir - straight line, f - naga
Aim: a naga, wielding a +0 long sword (74% to hit)
The iron shot misses the naga.
The blast sends you backwards.
Cast which spell? (? or * to list)
Aiming: Bombard (dangerous; 12% risk of failure)
Press: ? - help, Shift-Dir - straight line, f/p - naga
Aim: a naga, wielding a +0 long sword (74% to hit)
The iron shot hits the naga!!
The naga is almost dead.
Cast which spell? (? or * to list)
Aiming: Sandblast (safe; 1% risk of failure)
Press: ? - help, Shift-Dir - straight line, f/p - naga
Aim: a naga, wielding a +0 long sword (almost dead, 85% to hit)
The blast of sand hits the naga!!
You kill the naga!
Cheibriados appreciates the change of pace.
Magical energy flows into your mind!
Things that are here:
a +0 glaive; a naga skeleton
Things that are here:
a +0 robe; a +0 halberd
Things that are here:
a +0 glaive; a naga skeleton
Things that are here:
a +0 glaive; a naga skeleton
Things that are here:
a +0 robe; a +0 halberd Throw: 9 boomerangs
Press: ? - help, Q - select action, (/) - cycle Shift-Dir - straight line, f - salamander
Aim: a salamander, wielding a +0 spear (wandering, hasn't noticed you, 77% to hit)
You throw a boomerang. The boomerang hits the salamander.
The salamander is lightly wounded.
Throw: 9 boomerangs
Press: ? - help, Q - select action, (/) - cycle Shift-Dir - straight line, f/p - salamander
Aim: a salamander, wielding a +0 spear (lightly wounded, 77% to hit)
You throw a boomerang. The boomerang hits the salamander.
The salamander is lightly wounded.
Cast which spell? (? or * to list)
Aiming: Bombard (dangerous; 12% risk of failure)
Press: ? - help, Shift-Dir - straight line, f/p - salamander
Aim: a salamander, wielding a +0 spear (lightly wounded, 84% to hit)
The iron shot hits the salamander!!!
The salamander is severely wounded.
Things that are here:
a +0 glaive; a naga skeleton Cast which spell? (? or * to list)
Aiming: Sandblast (safe; 1% risk of failure)
Press: ? - help, Shift-Dir - straight line, f/p - salamander
Aim: a salamander, wielding a +0 spear (severely wounded, 91% to hit)
The blast of sand hits the salamander but does no damage.
The salamander is severely wounded.
The salamander hits you but does no damage.
Cast which spell? (? or * to list)
Aiming: Sandblast (safe; 1% risk of failure)
Press: ? - help, Shift-Dir - straight line, f/p - salamander
Aim: a salamander, wielding a +0 spear (severely wounded, 91% to hit)
The blast of sand hits the salamander.
The salamander is severely wounded.
The salamander completely misses you.
Cast which spell? (? or * to list)
Aiming: Sandblast (safe; 1% risk of failure)
Press: ? - help, Shift-Dir - straight line, f/p - salamander
Aim: a salamander, wielding a +0 spear (severely wounded, 91% to hit)
The blast of sand hits the salamander!
The salamander is almost dead.
* * * LOW MAGIC WARNING * * *
The salamander hits you but does no damage.
The salamander hits you from afar with a +0 spear!
* * * LOW HITPOINT WARNING * * *
You are engulfed in flames.
You resist.
* * * LOW HITPOINT WARNING * * *
Cast which spell? (? or * to list)
Aiming: Sandblast (safe; 1% risk of failure)
Press: ? - help, Shift-Dir - straight line, f/p - salamander
Aim: a salamander, wielding a +0 spear (almost dead, 91% to hit)
The blast of sand hits the salamander!
The salamander is almost dead.
* * * LOW MAGIC WARNING * * *
The salamander hits you but does no damage.
Aiming: Mindburst
Press: ? - help, Shift-Dir - straight line, f/p - salamander
Aim: a salamander, wielding a +0 spear (almost dead, chance to affect: 57%)
The salamander's mind is blasted!
You blow up the salamander!
Cheibriados appreciates the change of pace.
Your Conjurations skill increases to level 13!
Things that are here:
a +0 robe; a +0 halberd
Things that are here:
a +0 spear; a +0 long sword; a naga corpse
Things that are here:
a +0 short sword; a +0 flail; a naga skeleton A naga warrior comes into view.
It is wielding a +0 flail.
A naga comes into view. It is wielding a +0 dire flail.
A naga warrior comes into view. It is wielding a +0 glaive.
You hit the naga. You freeze the naga.
The naga is moderately wounded.
The naga barely misses you. The naga grabs you. The naga constricts you.
Cast which spell? (? or * to list)
Aiming: Bombard (dangerous; 11% risk of failure)
Press: ? - help, Shift-Dir - straight line, f - naga
Aim: a naga, wielding a +0 dire flail and wearing a +0 robe (moderately wounded, constricting you, 74% to hit)
The iron shot hits the naga!!
You kill the naga!
Cheibriados appreciates the change of pace.
You hear a shout!
A naga comes into view. It is wielding a +0 mace of protection.
Cast which spell? (? or * to list)
Aiming: Bombard (dangerous; 11% risk of failure)
Press: ? - help, Shift-Dir - straight line, f - naga warrior
Aim: a naga warrior, wielding a +0 glaive and wearing a +0 robe (74% to hit)
The iron shot hits the naga warrior!!
The naga warrior is moderately wounded.
Cast which spell? (? or * to list)
Aiming: Bombard (dangerous; 11% risk of failure)
Press: ? - help, Shift-Dir - straight line, f/p - naga warrior
Aim: a naga warrior, wielding a +0 glaive and wearing a +0 robe (moderately wounded, 74% to hit)
The iron shot hits the naga warrior!!!
The naga warrior is almost dead.
The blast sends you backwards.
* * * LOW MAGIC WARNING * * *
Cast which spell? (? or * to list)
Aiming: Sandblast (safe; 1% risk of failure)
Press: ? - help, Shift-Dir - straight line, f/p - naga warrior
Aim: a naga warrior, wielding a +0 glaive and wearing a +0 robe (almost dead, 85% to hit)
The blast of sand hits the naga warrior!
You kill the naga warrior!
Cheibriados appreciates the change of pace.
Magical energy flows into your mind!
A naga sharpshooter comes into view. It is wielding a +0 hand axe.
A salamander comes into view. It is wielding a +3 trident of flaming.
The naga attacks as it pursues you! The naga completely misses you.
The naga misses you. The naga spits poison at you.
The splash of poison misses you. The naga warrior spits poison at you.
The splash of poison misses you.
Cast which spell? (? or * to list)
Aiming: Bombard (dangerous; 11% risk of failure)
Press: ? - help, Shift-Dir - straight line, f - naga warrior
Aim: a naga warrior, wielding a +0 flail (74% to hit)
The iron shot hits the naga warrior!!
The naga warrior is heavily wounded.
* * * LOW MAGIC WARNING * * *
The naga hits you with a +0 mace of protection!
The naga misses you. The naga spits poison at you.
The splash of poison misses you.
The naga warrior roars a battlecry!
The naga goes into a battle-frenzy!
The naga warrior attacks as it pursues you!
The naga warrior hits you but does no damage.
The naga warrior misses you. The naga attacks as it pursues you!
The naga misses you. The naga completely misses you.
The naga spits poison at you. The splash of poison misses you.
The naga warrior barely misses you. The naga warrior misses you.
The naga warrior closely misses you. The naga warrior completely misses you.
The naga no longer looks unusually strong.
The naga warrior attacks as it pursues you!
The naga warrior misses you. The naga warrior grabs you.
The naga warrior constricts you. The naga warrior closely misses you.
The naga warrior constricts you.
You escape the naga warrior's grasp.
Things that are here:
a +0 halberd; a naga skeleton The naga warrior spits poison at you.
The splash of poison misses you.
There is a dry fountain here.
Cast which spell? (? or * to list)
You erupt in a fountain of uncontrolled magic!
The naga is blasted with magical radiation!
The naga is severely wounded.
The naga warrior is blasted with magical radiation!!
The naga warrior is severely wounded.
You are very lightly contaminated with residual magic.
The naga warrior barely misses you. The naga warrior grabs you.
The naga warrior constricts you.
You escape the naga warrior's grasp.
The naga warrior spits poison at you. The splash of poison hits you.
You resist.
There is a stone staircase leading down here.
Throw: 9 boomerangs
Press: ? - help, Q - select action, (/) - cycle Shift-Dir - straight line, f/p - naga warrior
Aim: a naga warrior, wielding a +0 flail (severely wounded, 69% to hit)
You throw a boomerang. The boomerang hits the naga warrior!
The naga warrior is almost dead.
The naga warrior spits poison at you. The splash of poison misses you.
Throw: 9 boomerangs
Press: ? - help, Q - select action, (/) - cycle Shift-Dir - straight line, f/p - naga warrior
Aim: a naga warrior, wielding a +0 flail (almost dead, catching its breath, 69% to hit)
You throw a boomerang.
The boomerang hits the naga warrior but does no damage.
The naga warrior is almost dead.
Cast which spell? (? or * to list)
You erupt in a fountain of uncontrolled magic!
The naga warrior is blasted with magical radiation.
The naga warrior is almost dead.
The naga is blasted with magical radiation!!
You kill the naga!
Cheibriados appreciates the change of pace.
* * * LOW MAGIC WARNING * * *
The naga warrior misses you. The naga warrior closely misses you.
Hit: a) +5 flail (freeze)
Press: ? - help, Dir - move target, f/p - naga warrior
Aim: a naga warrior, wielding a +0 flail (almost dead, catching its breath, about 28% to evade your +5 flail of freezing)
You closely miss the naga warrior.
The naga warrior is almost dead.
The naga warrior hits you but does no damage.
The naga warrior grabs you. The naga warrior constricts you.
Hit: a) +5 flail (freeze)
Press: ? - help, Dir - move target, f/p - naga warrior
Aim: a naga warrior, wielding a +0 flail (almost dead, constricting you, about 28% to evade your +5 flail of freezing)
You sock the naga warrior! You freeze the naga warrior.
You kill the naga warrior!
Cheibriados appreciates the change of pace.
You fly downwards.
HP restored.
Found a red potion.
There is a stone staircase leading up here.
The nagaraja shouts!
Cast which spell? (? or * to list)
Aiming: Bombard (dangerous; 11% risk of failure)
Press: ? - help, Shift-Dir - straight line, f - nagaraja
Aim: a nagaraja, wielding a +0 spear and wearing a +0 robe (74% to hit)
You miscast Bombard.
A wave of violent energy washes through your body!
Magical energy flows into your mind!
Cast which spell? (? or * to list)
Aiming: Bombard (dangerous; 11% risk of failure)
Press: ? - help, Shift-Dir - straight line, f/p - nagaraja
Aim: a nagaraja, wielding a +0 spear and wearing a +0 robe (74% to hit)
The iron shot hits the nagaraja!!
The nagaraja is moderately wounded.
Cast which spell? (? or * to list)
Aiming: Bombard (dangerous; 11% risk of failure)
Press: ? - help, Shift-Dir - straight line, f/p - nagaraja
Aim: a nagaraja, wielding a +0 spear and wearing a +0 robe (moderately wounded, 74% to hit)
The iron shot hits the nagaraja!!!
The nagaraja is almost dead.
The blast sends you backwards.
Cast which spell? (? or * to list)
Aiming: Stone Arrow (safe; 1% risk of failure)
Press: ? - help, Shift-Dir - straight line, f/p - nagaraja
Aim: a nagaraja, wielding a +0 spear and wearing a +0 robe (almost dead, 78% to hit)
The stone arrow hits the nagaraja!!
You kill the nagaraja!
Cheibriados appreciates the change of pace.
* * * LOW MAGIC WARNING * * *
Things that are here:
a +0 spear; a +0 robe
o - 2 red potions (gained 1)
Your magical contamination has completely faded away.
Found a war axe.
Found 6 poisoned darts.
Okay, then.
q - 16 poisoned darts (gained 6) Cast which spell? (? or * to list)
Aiming: Passwall (safe; 1% risk of failure)
Press: ? - help, Dir - move target A rock wall.
Magic restored.
You begin to meditate on the wall.
You continue meditating on the rock. x4
You finish merging with the rock.
The guardian serpent shouts!
The naga shouts!
A black mamba comes into view.
The guardian serpent casts a spell at you.
The bolt of poison hits you. You resist.
The black mamba moves out of view.
A salamander tyrant comes into view.
The guardian serpent coils itself and waves its upper body at you.
You feel yourself slow down.
Cast which spell? (? or * to list)
Aiming: Bombard (dangerous; 11% risk of failure)
Press: ? - help, Shift-Dir - straight line, f - naga
Aim: a naga, wielding a +0 short sword (74% to hit)
The iron shot hits the guardian serpent!!
The guardian serpent is severely wounded.
The black mamba hisses angrily.
You hear a shout! x2
The salamander tyrant rends the earth beneath you!
The blast of magma engulfs you!! You partially resist.
The guardian serpent casts a spell at you.
The bolt of poison misses you.
You hear a shout! x2
Cast which spell? (? or * to list)
Aiming: Stone Arrow (safe; 1% risk of failure)
Press: ? - help, Shift-Dir - straight line, f/p - naga
Aim: a naga, wielding a +0 short sword (78% to hit)
The stone arrow misses the guardian serpent.
The stone arrow hits the black mamba!
The black mamba is moderately wounded.
A nagaraja comes into view. It is wielding a +0 spear.
The guardian serpent coils itself and waves its upper body at you.
The bolt of poison misses you. What are your orders? t - Shout!
Orders for allies: a - Attack new target. p - Attack previous target. r - Retreat! s - Stop attacking. g - Guard the area. f - Follow me.
Anything else - Cancel.
You shout for attention!
You hear a shout!
What are your orders? t - Shout!
Orders for allies: a - Attack new target. p - Attack previous target. r - Retreat! s - Stop attacking. g - Guard the area. f - Follow me.
Anything else - Cancel.
You shout for attention!
You hear an angry hiss.
The salamander tyrant calls gouts of flame from the lava!
The flame surge hits you! You resist.
The salamander tyrant calls gouts of flame from the lava!
The flame surge hits you!! You resist.
* * * LOW HITPOINT WARNING * * *
Activating: Slouch (4% risk of failure)
Press: ? - help, Dir - look around, f - activate You can feel time thicken for a moment.
You kill the guardian serpent!
Cheibriados thoroughly appreciates the change of pace.
You kill the black mamba!
Cheibriados thoroughly appreciates the change of pace.
The salamander tyrant rends the earth beneath you!
The blast of magma engulfs you! You partially resist.
* * * LOW HITPOINT WARNING * * *
A salamander tyrant comes into view.
You hear a shout!
Activating: Slouch (4% risk of failure)
Press: ? - help, Dir - look around, f - activate You can feel time thicken for a moment.
You kill the naga!
Cheibriados appreciates the change of pace.
The salamander tyrant gazes fiercely through you!
You feel your attacks grow feeble.
The salamander tyrant rends the earth beneath you!
The blast of magma engulfs you!! You partially resist.
* * * LOW HITPOINT WARNING * * *
The nagaraja gestures at you while chanting.
You barely resist.
The salamander tyrant calls gouts of flame from the lava!
The flame surge hits you! You resist.
You die...

#..... .8.....8. ##.....
...⌠... ####......
#N...N# #.##...... ##
.....## #.##...... ..
#...##.# #.##.^....
#.##..N##.####.##......
#..8.≈≈8........##.....
#....≈@#######..#......
#..##### #......... #.
#..#...... ..
#######..#......
+......###...............
#.......##............)..
#.......##...............
#.......##.#####..#......
#.......##.# #..#####.#


You could see a nagaraja and 2 salamander tyrants.

Vanquished Creatures
  A nagaraja (Snake:4)
  3 dire elephants (Lair:5)
  2 hydras (Lair:5)
  2 salamander tyrants
  2 anacondas (Snake:2)
  A boulder beetle (Lair:2)
  A centaur warrior (D:10)
  A two-headed ogre (D:12)
  A death yak (Lair:5)
  5 naga warriors
  2 shock serpents (Snake:2)
  Sonja (Lair:4)
  A spectral death yak (Lair:5)
  A skyshark (Lair:5)
  5 fire crabs
  A spectral anaconda (Lair:5)
  A salamander mystic (Snake:2)
  A mana viper (Snake:3)
  2 naga ritualists (Snake:2)
  An obsidian statue (Lair:5)
  3 necromancers (Lair:5)
  A lindwurm (Lair:5)
  7 salamanders
  10 elephants (Lair:5)
  A cyclops (D:11)
  A guardian serpent (Snake:4)
  A merfolk siren (Lair:3)
  3 naga magi (Snake:1)
  13 black mambas
  2 gargoyles (D:11)
  6 cane toads
  2 dire elephant skeletons (Lair:5)
  2 rime drakes
  3 trolls
  9 blink frogs
  4 dream sheep (Lair:4)
  A shadow (D:10)
  A vampire (D:10)
  A dire elephant simulacrum (Lair:5)
  3 wyverns
  16 yaks
  A death yak simulacrum (Lair:5)
  A basilisk (Lair:4)
  A steam dragon (D:4)
  Grum (D:8)
  A warg (D:11)
  14 nagas
  A spectral cane toad (Lair:5)
  An acid dragon (D:11)
  16 water moccasins
  A great orb of eyes simulacrum (IceCv)
  2 ice beasts
  4 orc warriors
  Pargi (D:3)
  A sky beast (D:7)
  2 elephant zombies (Lair:5)
  3 black bears
  4 wolves
  2 ogres
  A centaur (D:8)
  4 elephant skeletons (Lair:5)
  A phantom (D:5)
  A slime creature simulacrum (IceCv)
  A kobold brigand (D:9)
  4 gnoll sergeants
  8 bullfrogs
  A cane toad simulacrum (Lair:5)
  2 glowing shapeshifter simulacra (IceCv)
  3 scorpions
  37 wights
  12 killer bees
  3 elephant simulacra (Lair:5)
  5 electric eels
  6 howler monkeys
  The ghost of jagoly the Trooper, a weakling GrMo (D:3)
  A crimson imp (D:4)
  3 lava snakes (Lair:2)
  2 centaur zombies (Ossuary)
  5 orc priests
  2 bombardier beetles (D:5)
  4 hounds
  A hound (shapeshifter) (D:9)
  Ijyb (D:5)
  A sleepcap (D:7)
  4 iguanas
  12 orc wizards
  A shapeshifter simulacrum (IceCv)
  4 crocodile zombies (Ossuary)
  3 mummies (Ossuary)
  17 gnolls
  An adder (D:4)
  A shadow imp (D:7)
  2 white imps
  4 ufetubi
  3 dart slugs
  31 orcs
  3 bats
  6 endoplasms
  5 giant cockroaches
  2 gnoll zombies (Ossuary)
  3 goblins
  7 hobgoblins
  7 jackals
  12 kobolds
  2 quokkas
  3 ball pythons
  2 kobold zombies (Ossuary)
  A rat (D:1)
428 creatures vanquished.

Notes
Turn   | Place    | Note
-------+----------+-------------------------------------------
     0 | D:1      | jagoly the Human Earth Elementalist began the quest for the
                  | Orb.
     0 | D:1      | Reached XP level 1. HP: 13/13 MP: 3/3
    69 | D:1      | Reached XP level 2. HP: 16/19 MP: 0/5
   183 | D:2      | Noticed a great orb of eyes
   235 | D:2      | Found a faded altar of an unknown god.
   236 | D:2      | Noticed an eye of devastation
   243 | D:2      | Noticed a glass eye
   243 | D:2      | Noticed an eye of devastation
   313 | D:1      | Reached XP level 3. HP: 23/25 MP: 1/6
   480 | D:3      | Identified the +1 helmet "Egiutot" {*Slow rF+ rC++}
   557 | D:3      | Reached skill level 1 in Fighting
   559 | D:3      | Identified the +9 spear of Malaise {speed, rC+}
   574 | D:3      | Found a shimmering altar of Xom.
   645 | D:4      | Noticed an ice beast
   651 | D:4      | Learned a level 3 spell: Stone Arrow
   691 | D:4      | Noticed a scorpion
   708 | D:4      | Reached XP level 4. HP: 29/32 MP: 4/7
   725 | D:4      | Killed a scorpion
   726 | D:4      | Reached skill level 2 in Conjurations
   726 | D:4      | Reached XP level 5. HP: 36/37 MP: 1/8
   747 | D:5      | Entered Level 5 of the Dungeon
   794 | D:5      | Noticed a steam dragon
   798 | D:5      | Noticed a phantom
   813 | D:4      | Killed a steam dragon
   814 | D:4      | Reached XP level 6. HP: 9/44 MP: 3/9
   854 | D:4      | Killed an ice beast
   855 | D:4      | Reached skill level 5 in Earth Magic
   868 | D:4      | Noticed a black bear
   874 | D:4      | Killed a black bear
   875 | D:4      | Reached XP level 7. HP: 48/51 MP: 1/10
   882 | D:3      | Noticed Pargi
   889 | D:3      | Killed Pargi
   890 | D:3      | Reached skill level 3 in Conjurations
  1007 | D:4      | Found a sand-covered staircase.
  1033 | D:4      | Learned a level 3 spell: Passwall
  1034 | Ossuary  | Entered an ossuary
  1167 | Ossuary  | Reached XP level 8. HP: 30/58 MP: 4/11
  1452 | D:3      | Found a large runed translucent door.
  1452 | D:3      | Found a large runed translucent door.
  1453 | D:3      | Noticed jagoly's ghost (weakling GrMo)
  1462 | D:3      | Killed jagoly's ghost
  1617 | D:5      | Reached skill level 4 in Conjurations
  1659 | D:5      | Found Guybraj's Armour Shoppe.
  1673 | D:5      | Noticed Ijyb
  1687 | D:5      | Killed Ijyb
  1756 | D:5      | Found Pumuiq's Weapon Emporium.
  1891 | D:5      | Found Tonoor's Book Boutique.
  1897 | D:5      | Found a transporter.
  1912 | D:5      | Found a transporter.
  1997 | D:6      | Reached skill level 5 in Fighting
  2012 | D:6      | Reached XP level 9. HP: 58/68 MP: 2/12
  2546 | D:7      | Reached skill level 5 in Conjurations
  2746 | D:7      | Found a staircase to the Ecumenical Temple.
  2755 | D:7      | Reached skill level 6 in Conjurations
  2767 | D:7      | Learned a level 4 spell: Iskenderun's Mystic Blast
  2770 | D:7      | Found a snail-covered altar of Cheibriados.
  2779 | D:7      | Became a worshipper of Cheibriados the Contemplative
  2839 | D:8      | Reached skill level 1 in Translocations
  2869 | D:8      | Noticed Grum
  2883 | D:8      | Killed Grum
  2926 | D:9      | Reached skill level 7 in Conjurations
  3039 | D:8      | Reached skill level 5 in Spellcasting
  3039 | D:8      | Reached XP level 10. HP: 74/74 MP: 13/17
  3055 | D:8      | Reached * piety under Cheibriados
  3142 | D:8      | Reached skill level 8 in Conjurations
  3177 | D:8      | Found Hucvathrump's General Store.
  3187 | D:8      | Found Biekho Bacoi's Weapon Boutique.
  3190 | D:8      | Found Rirrott's Antique Weapon Boutique.
  3197 | D:8      | Bought a scroll of identify for 26 gold pieces
  3207 | D:8      | Bought a potion of heal wounds for 65 gold pieces
  3207 | D:8      | Bought a potion of enlightenment for 65 gold pieces
  3229 | D:8      | Found Xuri's Antique Weapon Shoppe.
  3274 | D:8      | Found Iffuickap's Jewellery Boutique.
  3316 | D:8      | Noticed a +0 dagger
  3316 | D:8      | Noticed a +0 dagger
  3473 | D:5      | Found Eghetuh's Jewellery Boutique.
  3758 | D:7      | Reached ** piety under Cheibriados
  3766 | D:7      | Reached skill level 1 in Armour
  3877 | D:10     | Entered Level 10 of the Dungeon
  3969 | D:9      | Found a hazy altar of Hepliaklqana.
  3998 | D:9      | Reached *** piety under Cheibriados
  4232 | D:9      | Found a sparkling altar of Nemelex Xobeh.
  4315 | D:10     | Found a shadowy altar of Dithmenos.
  4335 | D:10     | Noticed a centaur warrior
  4341 | D:10     | Killed a centaur warrior
  4342 | D:10     | Reached skill level 5 in Translocations
  4342 | D:10     | Reached XP level 11. HP: 69/79 MP: 4/20
  4448 | D:11     | Found Korir's Distillery.
  4453 | D:11     | Bought a potion of curing for 36 gold pieces
  4453 | D:11     | Bought a potion of brilliance for 48 gold pieces
  4453 | D:11     | Bought a potion of invisibility for 96 gold pieces
  4458 | D:11     | Reached **** piety under Cheibriados
  4461 | D:11     | Reached skill level 9 in Conjurations
  4478 | D:11     | Found a runed translucent door.
  4487 | D:11     | Noticed a fire crab
  4493 | D:11     | Killed a fire crab
  4500 | D:11     | Noticed a fire crab
  4506 | D:11     | Killed a fire crab
  4535 | D:11     | Found a frozen archway.
  4552 | IceCv    | Entered an ice cave
  4610 | IceCv    | Noticed a quicksilver ooze
  4750 | D:10     | Found a burning altar of Makhleb.
  4806 | D:10     | Noticed Maggie
  4901 | D:11     | Found a staircase to the Lair.
  4961 | D:11     | Reached skill level 5 in Invocations
  5159 | D:11     | Noticed a cyclops
  5163 | D:11     | Killed a cyclops
  5242 | D:12     | Noticed a two-headed ogre
  5248 | D:12     | Killed a two-headed ogre
  5249 | D:12     | Reached skill level 10 in Conjurations
  5286 | D:11     | Noticed a fire crab
  5290 | D:11     | Killed a fire crab
  5300 | D:11     | Noticed an entropy weaver
  5300 | D:11     | Noticed a fire crab
  5305 | D:11     | Killed a fire crab
  5305 | D:11     | Reached ***** piety under Cheibriados
  5312 | D:11     | Learned a level 5 spell: Irradiate
  5355 | D:11     | Reached skill level 1 in Alchemy
  5355 | D:11     | Reached XP level 12. HP: 85/86 MP: 9/21
  5373 | Lair:1   | Entered Level 1 of the Lair of Beasts
  5384 | Lair:1   | Identified the +1 robe of Protective Custody {^Drain Int+4}
  5476 | Lair:2   | Reached skill level 5 in Alchemy
  5556 | Lair:2   | Noticed a boulder beetle
  5567 | Lair:2   | Killed a boulder beetle
  5632 | Lair:1   | Noticed a death yak
  5632 | Lair:1   | Noticed a death yak
  5635 | Lair:1   | Noticed a death yak
  5636 | Lair:1   | Noticed a death yak
  5636 | Lair:1   | Noticed a death yak
  5715 | Lair:2   | Got Sif Muna's Grimoire of Charged Rallying
  5817 | Lair:2   | Found a staircase to the Snake Pit.
  5840 | Lair:3   | Found a staircase to the Shoals.
  5862 | Lair:3   | You fall into a shaft and drop 2 floors!
  5862 | Lair:5   | Entered Level 5 of the Lair of Beasts
  5911 | Lair:5   | Noticed a skyshark
  5917 | Lair:5   | Killed a skyshark
  5918 | Lair:5   | Reached skill level 5 in Armour
  5954 | Lair:5   | Reached skill level 5 in Dodging
  5994 | Lair:5   | Reached XP level 13. HP: 82/93 MP: 12/22
  6002 | Lair:5   | Reached ****** piety under Cheibriados
  6049 | Lair:5   | Noticed a dire elephant
  6053 | Lair:5   | Noticed a dire elephant
  6057 | Lair:5   | Killed a dire elephant
  6068 | Lair:5   | HP: 1/98 [dire elephant (18)]
  6069 | Lair:5   | Killed a dire elephant
  6078 | Lair:5   | Reached skill level 1 in Evocations
  6135 | Lair:5   | Noticed a dire elephant
  6174 | Lair:5   | HP: 2/98 [death yak simulacrum[a necromancer] (4)]
  6325 | Lair:5   | Learned a level 4 spell: Flame Wave
  6364 | Lair:5   | Gained mutation: Your spells are a little easier to cast,
                  | but a little less powerful. [mutagenic glow]
  6411 | Lair:5   | Killed a dire elephant
  6426 | Lair:5   | Got an earthy gem with 2018 turns to spare
  6748 | Lair:5   | Reached skill level 10 in Earth Magic
  6760 | Lair:5   | Learned a level 6 spell: Bombard
  6812 | Lair:5   | Reached skill level 11 in Conjurations
  7054 | Lair:4   | Noticed Sonja
  7058 | Lair:4   | Killed Sonja
  7116 | Lair:4   | Found a staircase to the Slime Pits.
  7215 | Snake:1  | Entered Level 1 of the Snake Pit
  7268 | Snake:1  | Reached XP level 14. HP: 96/105 MP: 17/24
  7313 | Snake:1  | Found a transporter.
  7317 | Snake:1  | Noticed Zagger's ghost (adept GrFi)
  7319 | Snake:1  | Found a bloodstained altar of Trog.
  7319 | Snake:1  | Identified the amulet "Xasuepru" {Acrobat rPois rCorr Str-5
                  | Int+3}
  7365 | Snake:2  | Reached skill level 1 in Fire Magic
  7432 | Snake:2  | Reached skill level 1 in Throwing
  7519 | Snake:2  | Noticed Roxanne
  7536 | Snake:2  | Reached skill level 12 in Conjurations
  7647 | Snake:3  | Found Ywugapo's General Store.
  7647 | Snake:3  | Found Nuxt's Assorted Antiques.
  7830 | Snake:3  | Reached skill level 13 in Conjurations
  7890 | Snake:4  | Entered Level 4 of the Snake Pit
  7890 | Snake:4  | Noticed a nagaraja
  7895 | Snake:4  | Killed a nagaraja
  7961 | Snake:4  | Noticed a nagaraja
  7965 | Snake:4  | HP: 2/105 [salamander tyrant (32)]
  7965 | Snake:4  | Killed from afar by a salamander tyrant

Illustrated notes

Levels and vault maps discovered:
D:1:      amcnicky_arrival_gap_in_the_tavern_cellar, layout_loops_ring,
          minmay_liquid_box, minmay_split_cup_large
D:2:      layout_loops_corners, hellmonk_ecumenical_altar_watching_god,
          minmay_split_cup_small
D:3:      layout_basic, mainiacjoe_overflow_chevrons,
          ebering_ghost_disaster_area, uniq_pargi
D:4:      layout_basic, enter_ossuary_1, minmay_misc_feat_room, moated_statue,
          reono_crystal_passage, minmay_fire_ice_demons
D:5:      gammafunk_steamed_eel, layout_loops_ring, lemuel_blue_sif_altar,
          serial_shops, nicolae_diamond_shop, nicolae_shop_tiny_real_fake_doors,
          shop, nicolae_shop_window_shopping, nicolae_shop_behind_doors,
          nrook_pool_corridor, uniq_ijyb
D:6:      layout_loops_ring
D:7:      layout_basic, kennysheep_slug_shrine, minmay_temple_entry_crystal_x
D:8:      layout_rooms, dancing_weapons_uskayaw, serial_shops, shop_fountains,
          nicolae_shop_trees, nicolae_shop_tiny_glass,
          nicolae_shop_behind_doors, shop, minmay_door_square, uniq_grum
D:9:      layout_roguey, nemelex_spade_bored_becter,
          nicolae_hepliaklqana_hippocampus
D:10:     layout_cross, mainiacjoe_overflow_small_starburst,
          grunt_dithmenos_shadows, lemuel_tele_altar, uniq_maggie
D:11:     gammafunk_mikee_crab_dinner, layout_long_grid,
          erik_lair_orcish_takeover, portal_ice_cave_entry_pillars_2,
          serial_shops, nicolae_shop_hallway_plus, minivault_11
D:12:     layout_roguey, kennysheep_orc_monster_closet_entryway, uniq_erolcha
Lair:1:   layout_cave_pods
Lair:2:   layout_cave_shapes, nicolae_snake_entry_warm_welcome,
          serial_bayou_pond_b, infiniplex_staircase_pool, grunt_megastairs_1,
          lemuel_fruit_tree, serial_bayou_shore_a
Lair:3:   layout_chaotic_city, minmay_shoals_entry_lonely_mermaid, wad_woods_03,
          lemuel_fruit_fields
Lair:4:   layout_cellular_growth, slime_entry_1, kennysheep_basilisk_garden,
          serial_bayou_shore_b, uniq_sonja
Lair:5:   due_jungle_book, layout_regular_city, grunt_megastairs_3,
          infiniplex_staircase_pool_2
Snake:1:  layout_cave_pods, basic_altar, gammafunk_ghost_wrathful_warriors
Snake:2:  layout_honeycomb, uniq_aizul, uniq_asterion, uniq_roxanne
Snake:3:  layout_rooms, st_stairs_12, grunt_ministairs_2, minmay_shoptagon
Snake:4:  hellmonk_snake_rune_quicksilver_temple, layout_gridlike,
          grunt_ministairs_10, nicolae_snake_gridmaze_squiggle

Skill      XL: |  1  2  3  4  5  6  7  8  9 10 11 12 13 14 |
---------------+-------------------------------------------+-----
Fighting       | 1 2 3 5 6 8 |  8.0
Conjurations   | 2 3 4 7 8 10 11 13 | 13.5
Earth Magic    | 4 5 6 8 9 10 12 | 12.0
Dodging        | 3 4 5 6 |  6.0
Stealth        | 3 4 |  4.0
Spellcasting   | 5 6 7 |  7.0
Translocations | 2 5 |  5.0
Armour         | 4 5 6 |  6.0
Invocations    | 8 |  8.0
Alchemy        | 1 8 |  8.0
Evocations     | 2 |  2.0
Fire Magic     | 2 |  2.0
Throwing       | 2 |  2.0

Action                     |  1- 3 |  4- 6 |  7- 9 | 10-12 | 13-15 || total
---------------------------+-------+-------+-------+-------+-------++-------
  Melee: Unarmed           |     9 |       |       |       |       ||     9
         Dagger            |     4 |       |       |       |       ||     4
         Spear             |     6 |    13 |    24 |       |       ||    43
         Broad axe         |       |       |     6 |       |     3 ||     9
         Hand axe          |       |       |     3 |    42 |       ||    45
         Staff             |       |       |       |    12 |    15 ||    27
         Flail             |       |       |       |       |    63 ||    63
   Fire: Sling             |    24 |       |       |       |       ||    24
  Throw: Dart              |       |     3 |    15 |     7 |     5 ||    30
         Stone             |       |       |     4 |    23 |     7 ||    34
         Boomerang         |       |       |       |     1 |     9 ||    10
   Cast: Sandblast         |    51 |    21 |   131 |   173 |    79 ||   455
         Stone Arrow       |       |     3 |    51 |   174 |    76 ||   304
         Passwall          |       |       |    16 |    97 |    40 ||   153
         Irradiate         |       |       |       |     5 |    40 ||    45
         Iskenderun's Myst |       |       |       |     2 |       ||     2
         Bombard           |       |       |       |       |    56 ||    56
         Flame Wave        |       |       |       |       |     1 ||     1
 Invoke: Slouch            |       |       |       |       |     5 ||     5
  Evoke: Wand              |       |       |       |    16 |    19 ||    35
    Use: Scroll            |       |       |     1 |    12 |     4 ||    17
         Potion            |       |       |       |     1 |     8 ||     9
   Stab: Sleeping          |       |       |     1 |       |       ||     1
         Distracted        |       |       |     1 |       |     1 ||     2
 Armour: Robe              |    39 |    15 |    89 |    31 |       ||   174
         Ring mail         |       |       |       |   232 |   245 ||   477
         Skin              |       |       |       |     3 |       ||     3
  Dodge: Dodged            |    46 |    16 |    94 |   230 |   278 ||   664
